 Dungeon Crawl Stone Soup version 0.22-a0-322-g60b3cfd (webtiles) character file.

277 xccam the Magician (level 6, -1/50 HPs)
             Began as a Gnoll Wanderer on Apr 4, 2018.
             Killed from afar by an orc wizard (7 damage)
             ... with a puff of frost
             ... on level 4 of the Dungeon.
             The game lasted 00:06:51 (2336 turns).

xccam the Magician (Gnoll Wanderer)                 Turns: 2336, Time: 00:06:52

Health: -1/50      AC:  9    Str: 16    XL:     6   Next: 26%
Magic:  13/13      EV: 15    Int: 15    God:
Gold:   154        SH:  0    Dex: 21    Spells: 15/15 levels left

rFire    . . .     SeeInvis .   q - +1 short sword
rCold    . . .     Gourm    .   (no shield)
rNeg     . . .     Faith    .   d - +0 scale mail
rPois    .         Spirit   .   (no helmet)
rElec    .         Reflect  .   i - +0 cloak
rCorr    .         Harm     .   (no gloves)
MR       .....                  m - +0 pair of boots
Stlth    +++.......             (no amulet)
HPRegen  0.16/turn              n - +2 ring of strength
MPRegen  0.13/turn              (no ring)

@: agile
A: distributed training, fangs 1, strong nose
a: no special abilities


You were on level 4 of the Dungeon.
You were hungry.

You visited 1 branch of the dungeon, and saw 4 of its levels.

You collected 154 gold pieces.

Inventory:

Hand Weapons
 a - a +2 hand crossbow
 e - a +0 dagger
 q - a +1 short sword (weapon)
Missiles
 b - 13 bolts
Armour
 d - a +0 scale mail (worn)
 i - a +0 cloak (worn)
 m - a +0 pair of boots (worn)
Jewellery
 n - a +2 ring of strength (left hand)
Wands
 o - a wand of flame (14)
Scrolls
 c - a scroll of enchant weapon
 g - 6 scrolls of remove curse {unknown}
 h - 6 scrolls of identify {unknown}
 j - a scroll of random uselessness {unknown}
 k - 2 scrolls of teleportation {unknown}
 p - a scroll of amnesia {unknown}
 s - a scroll of immolation {unknown}
Comestibles
 f - 4 rations


   Skills:
 + Level 4.9 Fighting
 + Level 1.8 Short Blades
 + Level 1.8 Long Blades
 + Level 1.8 Axes
 + Level 1.8 Maces & Flails
 + Level 1.8 Polearms
 + Level 1.8 Staves
 + Level 1.8 Slings
 + Level 1.8 Bows
 + Level 4.9 Crossbows
 + Level 1.8 Throwing
 + Level 3.1 Armour
 + Level 1.8 Dodging
 + Level 4.5 Stealth
 + Level 1.8 Shields
 + Level 1.8 Unarmed Combat
 + Level 5.3 Spellcasting
 + Level 1.4 Conjurations
 + Level 1.4 Hexes
 + Level 1.4 Charms
 + Level 1.4 Summonings
 + Level 1.4 Necromancy
 + Level 1.4 Translocations
 + Level 1.4 Transmutations
 + Level 2.5 Fire Magic
 + Level 1.4 Ice Magic
 + Level 1.4 Air Magic
 + Level 1.4 Earth Magic
 + Level 1.4 Poison Magic
 + Level 2.0 Invocations
 + Level 1.8 Evocations


You had 15 spell levels left.
You didn't know any spells.

Dungeon Overview and Level Annotations

Branches:
Dungeon (4/15)
 Temple: D:4-7

Altars:
Dithmenos
Hepliaklqana

Shops:
D:4 ?


Innate Abilities, Weirdness & Mutations

Your experience applies equally to all skills.
You have very sharp teeth.
Your uncanny sense of smell can sniff out nearby items.


Message History

The orc wizard barely misses you.
The orc wizard casts a cantrip, but nothing happens.
You barely miss the orc wizard.
The orc wizard is lightly wounded.
The orc wizard barely misses you.
As you read the scroll labeled KEAWER SAMI, it crumbles to dust.
It is a scroll of enchant weapon.
Your +0 short sword glows red for a moment.
The orc wizard misses you. The phantom hits you.
* * * LOW HITPOINT WARNING * * *
The orc wizard hits you but does no damage.
The orc wizard hits you but does no damage.
Things that are here:
a hand axe; a leather armour; an orc corpse The orc wizard hits you but does no damage.
The orc wizard misses you. The orc wizard closely misses you.
The orc wizard gestures at you while chanting.
The puff of frost hits you!
You die...

#...†#.# #...)#.##
#...)#..### #
#....#..#.#.#.
#....#....#...
#....#..#...#
#...W...#...#
#.####W...#
#.#.@o..#.#
#.#.###.### #####
#.#.#.....# #.#.#
###.#.#..####.#.#.#
#.............#.#.####
#.≈.≈.)...#####.#....#
#≈.≈.≈..........'....#
##...#<...#####.#....#
#.≈.#.########.#....#


You could see a phantom and an orc wizard.

Vanquished Creatures
  The ghost of xccam the Protected, an amateur GnWn (D:3)
  Terence (D:2)
  2 orc wizards
  A worker ant (D:4)
  3 adders (D:3)
  A worm (D:2)
  A dart slug (D:2)
  2 leopard geckos (D:2)
  9 orcs
  A giant cockroach (D:1)
  2 goblins
  9 hobgoblins
  A ball python (D:1)
  6 bats
  5 frilled lizards
  8 kobolds
  A leopard gecko skeleton (D:4)
  6 rats
60 creatures vanquished.

Notes
Turn   | Place    | Note
-------+----------+-------------------------------------------
     0 | D:1      | xccam the Gnoll Wanderer began the quest for the Orb.
     0 | D:1      | xccam set off with: a +2 hand crossbow, 21 bolts, a +0 ring mail, a potion of lignification, a +0 dagger, a ration
     0 | D:1      | Reached XP level 1. HP: 20/20 MP: 6/6
   180 | D:1      | Reached XP level 2. HP: 26/26 MP: 7/7
   446 | D:2      | Noticed Terence
   504 | D:2      | Killed Terence
   504 | D:2      | Reached skill level 5 in Spellcasting
   504 | D:2      | Reached skill level 1 in Invocations
   504 | D:2      | Reached XP level 3. HP: 24/31 MP: 7/9
   647 | D:2      | Reached skill level 1 in Short Blades
   647 | D:2      | Reached skill level 1 in Long Blades
   647 | D:2      | Reached skill level 1 in Axes
   647 | D:2      | Reached skill level 1 in Maces & Flails
   647 | D:2      | Reached skill level 1 in Polearms
   647 | D:2      | Reached skill level 1 in Staves
   647 | D:2      | Reached skill level 1 in Slings
   647 | D:2      | Reached skill level 1 in Bows
   647 | D:2      | Reached skill level 1 in Throwing
   647 | D:2      | Reached skill level 1 in Dodging
   647 | D:2      | Reached skill level 1 in Shields
   647 | D:2      | Reached skill level 1 in Unarmed Combat
   647 | D:2      | Reached skill level 1 in Evocations
   713 | D:2      | Reached XP level 4. HP: 24/38 MP: 11/11
   963 | D:2      | Found a shadowy altar of Dithmenos.
  1005 | D:2      | Found a hazy altar of Hepliaklqana.
  1304 | D:3      | Noticed xccam's ghost (amateur GnWn)
  1558 | D:3      | Killed xccam's ghost
  1558 | D:3      | Reached skill level 1 in Conjurations
  1558 | D:3      | Reached skill level 1 in Hexes
  1558 | D:3      | Reached skill level 1 in Charms
  1558 | D:3      | Reached skill level 1 in Summonings
  1558 | D:3      | Reached skill level 1 in Necromancy
  1558 | D:3      | Reached skill level 1 in Translocations
  1558 | D:3      | Reached skill level 1 in Transmutations
  1558 | D:3      | Reached skill level 1 in Ice Magic
  1558 | D:3      | Reached skill level 1 in Air Magic
  1558 | D:3      | Reached skill level 1 in Earth Magic
  1558 | D:3      | Reached skill level 1 in Poison Magic
  1558 | D:3      | Reached XP level 5. HP: 35/43 MP: 12/12
  2188 | D:3      | Reached XP level 6. HP: 42/50 MP: 13/13
  2230 | D:4      | Found Qeusor's Magic Scroll Shop.
  2322 | D:4      | Noticed a phantom
  2336 | D:4      | Killed from afar by an orc wizard

Vault maps used:
D:1:      minmay_arrival_checkered_box, minmay_misc_feat_hallway
D:2:      lemuel_doored_altar, nicolae_dithmenos_through_a_glass_darkly,
          uniq_terence
D:3:      first_ration
D:4:      wad_river_or_something, kennysheep_mini_moat,
          gup_ossuary_entry_pyramid, serial_shops, shop_fountains,
          nicolae_shop_stone, nicolae_shop_window_shopping, shop_statue,
          grunt_ministairs_9, minmay_misc_feat_alley, nicolae_ru_path_of_blood

Skill      XL: |  1  2  3  4  5  6 |
---------------+-------------------+-----
Fire Magic     | 2 |  2.5
Spellcasting   | 5 |  5.3
Invocations    | 1 2 |  2.0
Short Blades   | 1 |  1.8
Long Blades    | 1 |  1.8
Axes           | 1 |  1.8
Maces & Flails | 1 |  1.8
Polearms       | 1 |  1.8
Staves         | 1 |  1.8
Slings         | 1 |  1.8
Bows           | 1 |  1.8
Throwing       | 1 |  1.8
Dodging        | 1 |  1.8
Shields        | 1 |  1.8
Unarmed Combat | 1 |  1.8
Evocations     | 1 |  1.8
Armour         | 3 |  3.1
Conjurations   | 1 |  1.4
Hexes          | 1 |  1.4
Charms         | 1 |  1.4
Summonings     | 1 |  1.4
Necromancy     | 1 |  1.4
Translocations | 1 |  1.4
Transmutations | 1 |  1.4
Ice Magic      | 1 |  1.4
Air Magic      | 1 |  1.4
Earth Magic    | 1 |  1.4
Poison Magic   | 1 |  1.4
Fighting       | |  4.9
Crossbows      | |  4.9
Stealth        | |  4.5

Action                   |  1- 3 |  4- 6 || total
-------------------------+-------+-------++-------
Melee: Dagger            |    91 |    40 ||   131
       Bite              |     2 |    29 ||    31
       Short sword       |       |   147 ||   147
 Fire: Hand crossbow     |    29 |    13 ||    42
  Use: Potion            |     3 |     5 ||     8
       Scroll            |       |     1 ||     1
 Stab: Sleeping          |     1 |       ||     1
  Eat: Ration            |       |     1 ||     1
       Chunk             |       |     1 ||     1
Armor: Ring mail         |    12 |       ||    12
       Skin              |   107 |       ||   107
       Scale mail        |    14 |   134 ||   148
Dodge: Dodged            |    40 |   135 ||   175

Table legend:
 A = Spawn XP
 B = Non-spawn XP
 C = Spawn XP percentage of total XP
 D = Spawn monster count
 E = Non-spawn monster count
 F = Spawn count percentage of total count
 G = Total turns spent on level
                    A         B        C        D         E        F      G
               +---------+---------+-------+---------+---------+-------+---------
         Total |       0 |     397 |   0.0 |       0 |      60 |   0.0 |  2336
               +---------+---------+-------+---------+---------+-------+---------
           D:1 |       0 |      14 |   0.0 |       0 |       9 |   0.0 |   388
           D:2 |       0 |      75 |   0.0 |       0 |      21 |   0.0 |   935
           D:3 |       0 |     235 |   0.0 |       0 |      26 |   0.0 |   895
           D:4 |       0 |      73 |   0.0 |       0 |       4 |   0.0 |   118
               +---------+---------+-------+---------+---------+-------+---------
